 Dungeon Crawl Stone Soup version 0.23-a0-642-g3120c2f (console) character file.

41 Duffy the Firebug (level 3, -1/24 HPs)
             Began as a Demonspawn Fire Elementalist on Dec 30, 2018.
             Slain by a gnoll
             ... wielding a cursed +0 whip
              (8 damage)
             ... on level 2 of the Dungeon.
             The game lasted 00:01:26 (1628 turns).

Duffy the Firebug (Demonspawn Fire Elementalist)    Turns: 1628, Time: 00:01:27

Health: -1/24      AC:  2    Str:  8    XL:     3   Next: 32%
Magic:  6/6        EV: 12    Int: 17    God:
Gold:   102        SH:  0    Dex: 13    Spells: 3/7 levels left

rFire    . . .     SeeInvis .   j - +0 short sword (venom)
rCold    . . .     Gourm    .   (no shield)
rNeg     . . .     Faith    .   a - +0 robe
rPois    .         Spirit   .   (no helmet)
rElec    .         Reflect  .   (no cloak)
rCorr    .         Harm     .   (no gloves)
MR       .....                  (no boots)
Stlth    ++........             (no amulet)
HPRegen  0.08/turn              (no ring)
MPRegen  0.10/turn              (no ring)

@: no status effects
A: hooves 1
a: no special abilities


You were on level 2 of the Dungeon.
You were hungry.

You visited 1 branch of the dungeon, and saw 2 of its levels.

You collected 102 gold pieces.

Inventory:

Hand Weapons
 j - a +0 short sword of venom (weapon)
Armour
 a - a +0 robe (worn)
 d - a +0 buckler
Scrolls
 b - a scroll of immolation {unknown}
 e - a scroll of fog {unknown}
 h - a scroll of magic mapping {unknown}
 i - 2 scrolls of amnesia {unknown}
Potions
 f - a potion of mutation {unknown}
 g - a potion of curing {unknown}
 k - a potion of invisibility {unknown}
Comestibles
 c - 3 rations


   Skills:
 + Level 0.2 Fighting
 - Level 1.7 Dodging
 - Level 1.7 Stealth
 - Level 2.6 Spellcasting
 - Level 2.0 Conjurations
 - Level 3.2 Fire Magic


You had 3 spell levels left.
You knew the following spells:

 Your Spells              Type           Power        Failure   Level  Hunger
h - Flame Tongue          Conj/Fire      ##...        6%          1    #......
l - Conjure Flame         Conj/Fire      ##......     19%         3    ###....

Your spell library contained the following spells:

 Spells                   Type           Power        Failure   Level  Hunger
 Throw Flame              Conj/Fire      ##....       10%         2    ##.....
 Inner Flame              Hex/Fire       #.......     28%         3    ###....
 Sticky Flame             Conj/Fire      ##......     52%         4    #####..
 Fireball                 Conj/Fire      ##........   86%         5    ######.


Dungeon Overview and Level Annotations

Branches:
Dungeon (2/15)

Altars:


Innate Abilities, Weirdness & Mutations

You have large cloven feet.


Message History

You hit the gnoll. You kick the gnoll.
The gnoll is lightly wounded.
The gnoll hits you with a cursed +0 whip.
You barely miss the gnoll.
The gnoll is lightly wounded.
The gnoll hits you with a cursed +0 whip!
* * * LOW HITPOINT WARNING * * *
Things that are here:
a cursed -2 club; a kobold corpse You see here a stone.
You see here a stone.
You see here a stone.
You closely miss the gnoll.
The gnoll is lightly wounded.
The gnoll hits you with a cursed +0 whip.
* * * LOW HITPOINT WARNING * * *
You barely miss the gnoll.
The gnoll is lightly wounded.
The gnoll hits you with a cursed +0 whip!
You die...

##### ...# ###
##.########g##
#...).(.(.(#@##
#..######.###.##
#####..# #<..## ##.#
.......###.##.###.##
####.......###.#.##
##..##### ##.## #..#
#.# #..#
#.########## #.>#
#..........#


You could see a gnoll.

Vanquished Creatures
  A dart slug (D:1)
  2 leopard geckos (D:1)
  2 bats (D:1)
  3 giant cockroaches (D:1)
  4 goblins (D:1)
  4 hobgoblins (D:1)
  A quokka (D:2)
  3 frilled lizards
  10 kobolds
  7 rats (D:1)
37 creatures vanquished.

Notes
Turn   | Place    | Note
-------+----------+-------------------------------------------
     0 | D:1      | Duffy the Demonspawn Fire Elementalist began the quest for
                  | the Orb.
     0 | D:1      | Reached XP level 1. HP: 13/13 MP: 3/3
   267 | D:1      | Gained mutation: You have large cloven feet. [demonic
                  | ancestry]
   267 | D:1      | Reached XP level 2. HP: 19/19 MP: 3/5
   477 | D:1      | Reached skill level 3 in Fire Magic
   837 | D:1      | Reached XP level 3. HP: 24/24 MP: 4/6
   842 | D:1      | Learned a level 3 spell: Conjure Flame
  1628 | D:2      | Slain by a gnoll

Vault maps used:
D:1:      elethiomel_arrival_infinity_welcomes_careful_drivers,
          hangedman_decor_push
D:2:      dk_noncrumbling_4

Skill      XL: |  1  2  3 |
---------------+----------+-----
Fire Magic     | 3 |  3.2
Conjurations   | 2 |  2.0
Fighting       | |  0.2
Dodging        | |  1.7
Stealth        | |  1.7
Spellcasting   | |  2.6

Action                   || total
-------------------------++-------
Melee: Unarmed           ||     2
       Short sword       ||    13
       Kick              ||     4
 Cast: Flame Tongue      ||    56
  Eat: Chunk             ||     2
Armor: Robe              ||     5
Dodge: Dodged            ||    26

Table legend:
 A = Non-vault XP
 B = Vault XP
 C = Vault XP percentage of total XP
 D = Non-vault monster count
 E = Vault monster count
 F = Vault count percentage of total count
                 A         B        C        D         E       F
            +---------+---------+-------+---------+---------+-------
      Total |      59 |       0 |   0.0 |      37 |       0 |   0.0
            +---------+---------+-------+---------+---------+-------
        D:1 |      52 |       0 |   0.0 |      32 |       0 |   0.0
        D:2 |       7 |       0 |   0.0 |       5 |       0 |   0.0
            +---------+---------+-------+---------+---------+-------
